Workbook

Sheet Прил 1
B1: Приложение 1
B2: к решению Совета депутатов Белозерьевского сельского поселения Ромодановского муниципального района Республики Мордовия "О бюджете Белозерьевского сельского поселения Ромодановского муниципального района Республики Мордовия на 2026 год и на плановый период 2026 и 2027 годов"
A3: НОРМАТИВЫ РАСПРЕДЕЛЕНИЯ ДОХОДОВ МЕЖДУ БЮДЖЕТОМ БЕЛОЗЕРЬЕВСКОГО СЕЛЬСКОГО ПОСЕЛЕНИЯ РОМОДАНОВСКОГО МУНИЦИПАЛЬНОГО РАЙОНА РЕСПУБЛИКИ МОРДОВИЯ И БЮДЖЕТОМ РОМОДАНОВСКОГО МУНИЦИПАЛЬНОГО РАЙОНА РЕСПУБЛИКИ МОРДОВИЯ НА 2026 ГОД И НА ПЛАНОВЫЙ ПЕРИОД 2027 И 2028 ГОДОВ (в процентах от сумм, зачисляемых в консолидированный бюджет Белозерьевского сельского поселения Ромодановского муниципального района Республики Мордовия)
A5: Наименование дохода | B5: Местные бюджеты,%
B6: Бюджет поселение
A7: 1 | B7: 3
A8: Доходы от федеральных налогов и сборов
A9: В части погашения задолженности и перерасчетов по отмененным налогам, сборам и иным обязательным платежам
A10: Земельный налог (по обязательствам, возникшим до 1 января 2006 года), мобилизуемый на территориях поселений | B10: 100
A11: Налог с продаж | B11: 0
A12: Налог, взимаемый в виде стоимости патента в связи с применением упрощенной системы налогообложения (за налоговые периоды с 1 января 2011 года по 1 января 2013 года) | B12: 0
A13: Налог на рекламу | B13: 0
A14: Целевые сборы с граждан и предприятий, учреждений, организаций на содержание милиции, на благоустройство территорий, на нужды образования и другие цели | B14: 0
A15: Лицензионный сбор за право торговли спиртными напитками | B15: 0
A16: Прочие местные налоги и сборы | B16: 0
A17: В части доходов от оказания платных услуг (работ) и компенсации затрат государства
A18: Прочие доходы от оказания платных услуг (работ) получателями средств бюджетов муниципальных районов | B18: 0
A19: Прочие доходы от оказания платных услуг (работ) получателями средств бюджетов поселений | B19: 100
A20: Прочие доходы от компенсации затрат бюджетов муниципальных районов | B20: 0
A21: Прочие доходы от компенсации затрат бюджетов поселений | B21: 100
A22: В части административных платежей и сборов
A23: Платежи, взимаемые органами местного самоуправления (организациями) муниципальных районов за выполнение определенных функций | B23: 0
A24: Платежи, взимаемые органами местного самоуправления (организациями) поселений за выполнение определенных функций | B24: 100
A25: В части штрафов, санкций, возмещение ущерба
A26: Доходы от возмещения ущерба при возникновении страховых случаев, когда выгодоприобретателями выступают получатели средств бюджетов муниципальных районов | B26: 0
A27: Доходы от возмещения ущерба при возникновении страховых случаев, когда выгодоприобретателями выступают получатели средств бюджетов поселений | B27: 100
A28: Денежные взыскания (штрафы) и иные суммы, взыскиваемые с лиц, виновных в совершении преступлений, и в возмещение ущерба имуществу, зачисляемые в бюджеты муниципальных районов | B28: 0
A29: Денежные взыскания (штрафы) и иные суммы, взыскиваемые с лиц, виновных в совершении преступлений, и в возмещение ущерба имуществу, зачисляемые в бюджеты поселений | B29: 100
A30: Денежные взыскания, налагаемые в возмещение ущерба, причиненного в результате незаконного или нецелевого использования бюджетных средств (в части бюджетов муниципальных районов) | B30: 0
A31: Денежные взыскания, налагаемые в возмещение ущерба, причиненного в результате незаконного или нецелевого использования бюджетных средств (в части бюджетов поселений) | B31: 100
A32: Прочие поступления от денежных взысканий (штрафов) и иных сумм в возмещение ущерба, зачисляемые в бюджеты муниципальных районов | B32: 0
A33: Прочие поступления от денежных взысканий (штрафов) и иных сумм в возмещение ущерба, зачисляемые в бюджеты поселений | B33: 100
A34: В части прочих неналоговых доходов
A35: Невыясненные поступления, зачисляемые в бюджеты муниципальных районов | B35: 0
A36: Невыясненные поступления, зачисляемые в бюджеты поселений | B36: 100
A37: Прочие неналоговые доходы бюджетов муниципальных районов | B37: 0
A38: Прочие неналоговые доходы бюджетов поселений | B38: 100

Sheet Приложение 2
C1: Приложение 2 к решению Совета депутатов Белозерьевского сельского поселения Ромодановского муниципального района Республики Мордовия «О бюджете Белозерьевского сельского поселения Ромодановского муниципального района Республики Мордовия на 2026 год и на плановый период 2027 и 2028 годов»
A6: ОБЪЕМ БЕЗВОЗМЕЗДНЫХ ПОСТУПЛЕНИЙ В БЮДЖЕТ БЕЛОЗЕРЬЕВСКОГО СЕЛЬСКОГО ПОСЕЛЕНИЯ РОМОДАНОВСКОГО МУНИЦИПАЛЬНОГО РАЙОНА РЕСПУБЛИКИ МОРДОВИЯ НА 2026 ГОД И НА ПЛАНОВЫЙ ПЕРИОД 2027 И 2028 ГОДОВ
E7: (тыс. рублей)
A8: Код | B8: Наименование | C8: Сумма
C9: 2026 год | D9: 2027 год | E9: 2028 год
A10: 1 | B10: 2 | C10: 3 | D10: 4 | E10: 5
A11: 2 00 00000 00 0000 000 | B11: БЕЗВОЗМЕЗДНЫЕ ПОСТУПЛЕНИЯ | C11: =C12 -> 6244.3 | D11: =D12 -> 2443.9 | E11: =E12 -> 2620.3
A12: 2 02 00000 00 0000 000 | B12: Безвозмездные поступления от других бюджетов бюджетной системы Российской Федерации | C12: =C13+C21+C26+C18 -> 6244.3 | D12: =D13+D21+D26 -> 2443.9 | E12: =E13+E21+E26 -> 2620.3
A13: 2 02 10000 00 0000 150 | B13: Дотации бюджетам бюджетной системы Российской Федерации | C13: =C14+C16 -> 2093.7 | D13: =D14 -> 1484 | E13: =E14 -> 1474.2
A14: 2 02 15001 00 0000 150 | B14: Дотации на выравнивание бюджетной обеспеченности | C14: =C15 -> 1871.7 | D14: =D15 -> 1484 | E14: =E15 -> 1474.2
A15: 2 02 15001 10 0000 150 | B15: Дотации бюджетам сельских поселений на выравнивание бюджетной обеспеченности из бюджета субъекта Российской Федерации | C15: 1871.7 | D15: 1484 | E15: 1474.2
A16: 2 02 15002 00 0000 150 | B16: Дотация бюджетам на поддержку мер по обеспечению сбалансированности бюджетов | C16: =C17 -> 222
A17: 2 02 15002 10 0000 150 | B17: Дотации бюджетам сельских поселений на поддержку мер по обеспечению сбалансированности бюджетов | C17: 222
A18: 2 02 20000 00 0000 150 | B18: Субсидии бюджетам бюджетной системы Российской Федерации (межбюджетные субсидии) | C18: =C19 -> 3268.3
A19: 2 02 25555 00 0000 150 | B19: Субсидии бюджетам на реализацию программ формирования современной городской среды | C19: =C20 -> 3268.3
A20: 2 02 25555 10 0000 150 | B20: Субсидии бюджетам сельских поселений на реализацию программ формирования современной городской среды | C20: 3268.3
A21: 2 02 30000 00 0000 150 | B21: Субвенции бюджетам бюджетной системы Российской Федерации | C21: =C22+C24 -> 598.3 | D21: =D22+D24 -> 658.9 | E21: =E22+E24 -> 833.1
A22: 2 02 30024 00 0000 150 | B22: Субвенции местным бюджетам на выполнение передаваемых полномочий субъектов Российской Федерации | C22: =C23 -> 3.2 | D22: =D23 -> 3.4 | E22: =E23 -> 3.5
A23: 2 02 30024 10 0000 150 | B23: Субвенции бюджетам сельских поселений на выполнение передаваемых полномочий субъектов Российской Федерации | C23: 3.2 | D23: 3.4 | E23: 3.5
A24: 2 02 35118 00 0000 150 | B24: Субвенции бюджетам на осуществление первичного воинского учета органами местного самоуправления поселений,муниципальных и городских округов | C24: =C25 -> 595.1 | D24: =D25 -> 655.5 | E24: =E25 -> 829.6
A25: 2 02 35118 10 0000 150 | B25: Субвенции бюджетам сельских поселений на осуществление первичного воинского учета органами местного самоуправления поселений,муниципальных и городских округов | C25: 595.1 | D25: 655.5 | E25: 829.6
A26: 2 02 40000 00 0000 150 | B26: Иные межбюджетные трансферты | C26: =C27 -> 284 | D26: =D27 -> 301 | E26: =E27 -> 313
A27: 2 02 40014 00 0000 150 | B27: Межбюджетные трансферты, передаваемые бюджетам муниципальных образований на осуществление части полномочий по решению вопросов местного значения в соответствии с заключенными соглашениями | C27: =C28 -> 284 | D27: =D28 -> 301 | E27: =E28 -> 313
A28: 2 02 40014 10 0000 150 | B28: Межбюджетные трансферты, передаваемые бюджетам сельских поселений из бюджетов муниципальных районов на осуществление части полномочий по решению вопросов местного значения в соответствии с заключенными соглашениями | C28: 284 | D28: 301 | E28: 313

Sheet Приложение 3
I1: Приложение 3 к решению Совета депутатов Белозерьевского сельского поселения Ромодановского муниципального района Республики Мордовия «О бюджете Белозерьевского сельского поселения Ромодановского муниципального района Республики Мордовия на 2026 год и на плановый период 2027 и 2028 годов»
A2: ВЕДОМСТВЕННАЯ СТРУКТУРА РАСХОДОВ БЮДЖЕТА БЕЛОЗЕРЬЕВСКОГО СЕЛЬСКОГО ПОСЕЛЕНИЯ РОМОДАНОВСКОГО МУНИЦИПАЛЬНОГО РАЙОНА РЕСПУБЛИКИ МОРДОВИЯ НА 2026 ГОД И НА ПЛАНОВЫЙ ПЕРИОД 2027 И 2028 ГОДОВ
I3: (тыс. рублей)
A4: Наименование | B4: Адм | C4: Рз | D4: Прз | E4: Цср | I4: Вр | J4: Сумма
J5: 2026 год | K5: 2027 год | L5: 2028 год
A6: 1 | B6: 2 | C6: 3 | D6: 4 | E6: 5 | F6: 6 | G6: 7 | H6: 8 | I6: 9 | J6: 10 | K6: 11 | L6: 12
A7: Администрация Белозерьевского сельского поселения Ромодановского муниципального района Республики Мордовия | B7: 911 | J7: =J8+J37+J46+J53+J68+J75 -> 8055.9 | K7: =K8+K37+K46+K53+K68+K75 -> 4340.2 | L7: =L8+L37+L46+L53+L68+L75 -> 4586.3
A8: Общегосударственные вопросы | B8: 911 | C8: 01 | J8: =J9+J15+J31 -> 3147.8 | K8: =K9+K15+K31 -> 2688.5 | L8: =L9+L15+L31 -> 2661
A9: Функционирование высшего должностного лица субъекта Российской Федерации и муниципального образования | B9: 911 | C9: 01 | D9: 02 | J9: =J10 -> 1050.5 | K9: =K10 -> 1048.3 | L9: =L10 -> 862.2
A10: Обеспечение деятельности Администрации Белозерьевского сельского поселения Ромодановского муниципального района Республики Мордовия | B10: 911 | C10: 01 | D10: 02 | E10: 65 | J10: =J11 -> 1050.5 | K10: =K11 -> 1048.3 | L10: =L11 -> 862.2
A11: Высшее должностное лицо | B11: 911 | C11: 01 | D11: 02 | E11: 65 | F11: 1 | J11: =J12 -> 1050.5 | K11: =K12 -> 1048.3 | L11: =L12 -> 862.2
A12: Расходы на выплаты по оплате труда высшего должностного лица | B12: 911 | C12: 01 | D12: 02 | E12: 65 | F12: 1 | G12: 00 | H12: 41150 | J12: =J13 -> 1050.5 | K12: =K13 -> 1048.3 | L12: =L13 -> 862.2
A13: Расходы на выплаты персоналу в целях обеспечения выполнения функций государственными (муниципальными) органами, казенными учреждениями, органами управления государственными внебюджетными фондами | B13: 911 | C13: 01 | D13: 02 | E13: 65 | F13: 1 | G13: 00 | H13: 41150 | I13: 100 | J13: =J14 -> 1050.5 | K13: =K14 -> 1048.3 | L13: =L14 -> 862.2
A14: Расходы на выплаты персоналу государственных (муниципальных) органов | B14: 911 | C14: 01 | D14: 02 | E14: 65 | F14: 1 | G14: 00 | H14: 41150 | I14: 120 | J14: 1050.5 | K14: 1048.3 | L14: 862.2
A15: Функционирование Правительства Российской Федерации, высших исполнительных органов государственной власти субъектов Российской Федерации, местных администраций | B15: 911 | C15: 01 | D15: 04 | J15: =J16+J26 -> 2047.3 | K15: =K16+K26 -> 1590.2 | L15: =L16+L26 -> 1748.8
A16: =A10 -> Обеспечение деятельности Администрации Белозерьевского сельского поселения Ромодановского муниципального района Республики Мордовия | B16: 911 | C16: 01 | D16: 04 | E16: 65 | J16: =J17 -> 2044.1 | K16: =K17 -> 1586.8 | L16: =L17 -> 1745.3
A17: Расходы в рамках обеспечения деятельности Администрации Белозерьевского сельского поселения | B17: 911 | C17: 01 | D17: 04 | E17: 65 | F17: 2 | J17: =J18+J21 -> 2044.1 | K17: =K18+K21 -> 1586.8 | L17: =L18+L21 -> 1745.3
A18: Расходы на выплаты по оплате труда работников органов местного самоуправления | B18: 911 | C18: 01 | D18: 04 | E18: 65 | F18: 2 | G18: 00 | H18: 41110 | J18: =J19 -> 560.4 | K18: =K19 -> 562.6 | L18: =L19 -> 570
A19: Расходы на выплаты персоналу в целях обеспечения выполнения функций государственными (муниципальными) органами, казенными учреждениями, органами управления государственными внебюджетными фондами | B19: 911 | C19: 01 | D19: 04 | E19: 65 | F19: 2 | G19: 00 | H19: 41110 | I19: 100 | J19: =J20 -> 560.4 | K19: =K20 -> 562.6 | L19: =L20 -> 570
A20: Расходы на выплаты персоналу государственных (муниципальных) органов | B20: 911 | C20: 01 | D20: 04 | E20: 65 | F20: 2 | G20: 00 | H20: 41110 | I20: 120 | J20: 560.4 | K20: 562.6 | L20: 570
A21: Расходы на обеспечение выполнения функций органов местного самоуправления | B21: 911 | C21: 01 | D21: 04 | E21: 65 | F21: 2 | G21: 00 | H21: 41120 | J21: =J22+J24 -> 1483.7 | K21: =K22+K24 -> 1024.2 | L21: =L22+L24 -> 1175.3
A22: Закупка товаров, работ и услуг для обеспечения государственных (муниципальных) нужд | B22: 911 | C22: 01 | D22: 04 | E22: 65 | F22: 2 | G22: 00 | H22: 41120 | I22: 200 | J22: =J23 -> 1473.7 | K22: =K23 -> 1014.2 | L22: =L23 -> 1165.3
A23: Иные закупки товаров, работ и услуг для обеспечения государственных (муниципальных) нужд | B23: 911 | C23: 01 | D23: 04 | E23: 65 | F23: 2 | G23: 00 | H23: 41120 | I23: 240 | J23: 1473.7 | K23: 1014.2 | L23: 1165.3
A24: Иные бюджетные ассигнования | B24: 911 | C24: 01 | D24: 04 | E24: 65 | F24: 2 | G24: 00 | H24: 41120 | I24: 800 | J24: =J25 -> 10 | K24: =K25 -> 10 | L24: =L25 -> 10
A25: Уплата налогов, сборов и иных платежей | B25: 911 | C25: 01 | D25: 04 | E25: 65 | F25: 2 | G25: 00 | H25: 41120 | I25: 850 | J25: 10 | K25: 10 | L25: 10
A26: Непрограммные расходы главных распорядителей средств бюджета Белозерьевского сельского поселения Ромодановского муниципального района Республики Мордовия | B26: 911 | C26: 01 | D26: 04 | E26: 89 | J26: =J27 -> 3.2 | K26: =K27 -> 3.4 | L26: =L27 -> 3.5
A27: Непрограммные расходы в рамках обеспечения деятельности главных распорядителей средств бюджета Белозерьевского сельского поселения Ромодановского муниципального района Республики Мордовия | B27: 911 | C27: 01 | D27: 04 | E27: 89 | F27: 1 | J27: =J28 -> 3.2 | K27: =K28 -> 3.4 | L27: =L28 -> 3.5
A28: Осуществление государственных полномочий Республики Мордовия по определению перечня должностных лиц, уполномоченных составлять протоколы об административных правонарушениях, предусмотренных Законом Республики Мордовия от 15 июня 2015 года № 38-З "Об административной ответственности на территории Республики Мордовия" | B28: 911 | C28: 01 | D28: 04 | E28: 89 | F28: 1 | G28: 00 | H28: 77150 | J28: =J29 -> 3.2 | K28: =K29 -> 3.4 | L28: =L29 -> 3.5
A29: Закупка товаров, работ и услуг для обеспечения государственных (муниципальных) нужд | B29: 911 | C29: 01 | D29: 04 | E29: 89 | F29: 1 | G29: 00 | H29: 77150 | I29: 200 | J29: =J30 -> 3.2 | K29: =K30 -> 3.4 | L29: =L30 -> 3.5
A30: Иные закупки товаров, работ и услуг для обеспечения государственных (муниципальных) нужд | B30: 911 | C30: 01 | D30: 04 | E30: 89 | F30: 1 | G30: 00 | H30: 77150 | I30: 240 | J30: 3.2 | K30: 3.4 | L30: 3.5
A31: Резервные фонды | B31: 911 | C31: 01 | D31: 11 | J31: =J32 -> 50 | K31: =K32 -> 50 | L31: =L32 -> 50
A32: Непрограммные расходы главных распорядителей бюджетных средств Белозерьевского сельского поселения Ромодановского муниципального района Республики Мордовия | B32: 911 | C32: 01 | D32: 11 | E32: 89 | J32: =J33 -> 50 | K32: =K33 -> 50 | L32: =L33 -> 50
A33: Непрограммные расходы в рамках обеспечения деятельности главных распорядителей бюджетных средств Белозерьевского сельского поселения Ромодановского муниципального района Республики Мордовия | B33: 911 | C33: 01 | D33: 11 | E33: 89 | F33: 1 | J33: =J34 -> 50 | K33: =K34 -> 50 | L33: =L34 -> 50
A34: Резервный фонд администрации Белозерьевского сельского поселения Ромодановского муниципального района Республики Мордовия | B34: 911 | C34: 01 | D34: 11 | E34: 89 | F34: 1 | G34: 00 | H34: 41180 | J34: =J36 -> 50 | K34: =K36 -> 50 | L34: =L35 -> 50
A35: Иные бюджетные ассигнования | B35: 911 | C35: 01 | D35: 11 | E35: 89 | F35: 1 | G35: 00 | H35: 41180 | I35: 800 | J35: =J36 -> 50 | K35: =K36 -> 50 | L35: =L36 -> 50
A36: Резервные средства | B36: 911 | C36: 01 | D36: 11 | E36: 89 | F36: 1 | G36: 00 | H36: 41180 | I36: 870 | J36: 50 | K36: 50 | L36: 50
A37: Национальная оборона | B37: 911 | C37: 02 | J37: =J38 -> 595.1 | K37: =K38 -> 655.5 | L37: =L38 -> 829.6
A38: Мобилизационная и вневойсковая подготовка | B38: 911 | C38: 02 | D38: 03 | J38: =J39 -> 595.1 | K38: =K39 -> 655.5 | L38: =L39 -> 829.6
A39: =A32 -> Непрограммные расходы главных распорядителей бюджетных средств Белозерьевского сельского поселения Ромодановского муниципального района Республики Мордовия | B39: 911 | C39: 02 | D39: 03 | E39: 89 | J39: =J40 -> 595.1 | K39: =K40 -> 655.5 | L39: =L40 -> 829.6
A40: =A33 -> Непрограммные расходы в рамках обеспечения деятельности главных распорядителей бюджетных средств Белозерьевского сельского поселения Ромодановского муниципального района Республики Мордовия | B40: 911 | C40: 02 | D40: 03 | E40: 89 | F40: 1 | J40: =J41 -> 595.1 | K40: =K41 -> 655.5 | L40: =L41 -> 829.6
A41: Осуществление государственных полномочий Российской Федерации по воинскому учету в поселениях, на территориях которых отсутствуют структурные подразделения военных комиссариатов | B41: 911 | C41: 02 | D41: 03 | E41: 89 | F41: 1 | G41: 00 | H41: 51180 | J41: =J44+J42 -> 595.1 | K41: =K44+K42 -> 655.5 | L41: =L42+L44 -> 829.6
A42: Расходы на выплаты персоналу в целях обеспечения выполнения функций государственными (муниципальными) органами, казенными учреждениями, органами управления государственными внебюджетными фондами | B42: 911 | C42: 02 | D42: 03 | E42: 89 | F42: 1 | G42: 00 | H42: 51180 | I42: 100 | J42: =J43 -> 592.1 | K42: =K43 -> 652.5 | L42: =L43 -> 826.6
A43: Расходы на выплаты персоналу государственных (муниципальных) органов | B43: 911 | C43: 02 | D43: 03 | E43: 89 | F43: 1 | G43: 00 | H43: 51180 | I43: 120 | J43: 592.1 | K43: 652.5 | L43: 826.6
A44: Закупка товаров, работ и услуг для обеспечения государственных (муниципальных) нужд | B44: 911 | C44: 02 | D44: 03 | E44: 89 | F44: 1 | G44: 00 | H44: 51180 | I44: 200 | J44: =J45 -> 3 | K44: =K45 -> 3 | L44: =L45 -> 3
A45: Иные закупки товаров, работ и услуг для обеспечения государственных (муниципальных) нужд | B45: 911 | C45: 02 | D45: 03 | E45: 89 | F45: 1 | G45: 00 | H45: 51180 | I45: 240 | J45: 3 | K45: 3 | L45: 3
A46: Национальная экономика | B46: 911 | C46: 04 | J46: =J47 -> 284 | K46: =K47 -> 301 | L46: =L47 -> 313
A47: Дорожное хозяйство (дорожные фонды) | B47: 911 | C47: 04 | D47: 09 | J47: =J48 -> 284 | K47: =K48 -> 301 | L47: =L48 -> 313
A48: Муниципальная программа «Комплексного развития транспортной инфраструктуры Белозерьевского сельского поселения Ромодановского муниципального района Республики Мордовия на 2024- 2030 года" | B48: 911 | C48: 04 | D48: 09 | E48: 13 | J48: =J50 -> 284 | K48: =K50 -> 301 | L48: =L49 -> 313
A49: Основное мероприятие " содействие развитию систем автомобильных дорог общего пользования, регионального и или межмуниципального, а так же местного значения" | B49: 911 | C49: 04 | D49: 09 | E49: 13 | F49: 0 | G49: 01 | J49: =J50 -> 284 | K49: =K50 -> 301 | L49: =L50 -> 313
A50: Иные межбюджетные трансферты на осуществление полномочий по дорожной деятельности в отношении автомобильных дорог местного значения в границах населенных пунктов поселения и обеспечению безопасности дорожного движения на них, включая создание и обеспечение функционирования парковок (парковочных мест), осуществлению муниципального контроля на автомобильном транспорте, городском наземном электрическом транспорте и в дорожном хозяйстве в границах населенных пунктов поселения, организации дорожного движения, а также осуществлению иных полномочий в области использования автомобильных дорог и осуществления дорожной деятельности в соответствии с законодательством Российской Федерации | B50: 911 | C50: 04 | D50: 09 | E50: 13 | F50: 0 | G50: 01 | H50: 9Д184 | J50: =J51 -> 284 | K50: =K51 -> 301 | L50: =L51 -> 313
A51: Закупка товаров, работ и услуг для обеспечения государственных (муниципальных) нужд | B51: 911 | C51: 04 | D51: 09 | E51: 13 | F51: 0 | G51: 01 | H51: 9Д184 | I51: 200 | J51: =J52 -> 284 | K51: =K52 -> 301 | L51: =L52 -> 313
A52: Иные закупки товаров, работ и услуг для обеспечения государственных (муниципальных) нужд | B52: 911 | C52: 04 | D52: 09 | E52: 13 | F52: 0 | G52: 01 | H52: 9Д184 | I52: 240 | J52: 284 | K52: 301 | L52: 313
A53: Жилищно-коммунальное хозяйство | B53: 911 | C53: 05 | J53: =J54 -> 3918.3 | K53: =K54 -> 500 | L53: =L54 -> 500
A54: Благоустройство | B54: 911 | C54: 05 | D54: 03 | J54: =J55 -> 3918.3 | K54: =K55 -> 500 | L54: =L55 -> 500
A55: Муниципальная программа "Комплексного развития социальной инфраструктуры Белозерьевского сельского поселения Ромодановского муниципального района Республики Мордовия на 2018-2030 года" | B55: 911 | C55: 05 | D55: 03 | E55: 10 | J55: =J56+J60+J64 -> 3918.3 | K55: =K60+K56 -> 500 | L55: =L56+L60 -> 500
A56: Основное мероприятие "Благоустройство территории " | B56: 911 | C56: 05 | D56: 03 | E56: 10 | F56: 0 | G56: 07 | J56: =J57 -> 500 | K56: =K57 -> 350 | L56: =L57 -> 350
A57: Прочие мероприятия по благоустройству | B57: 911 | C57: 05 | D57: 03 | E57: 10 | F57: 0 | G57: 07 | H57: 43040 | J57: =J58 -> 500 | K57: =K58 -> 350 | L57: =L58 -> 350
A58: Закупка товаров, работ и услуг для обеспечения государственных (муниципальных) нужд | B58: 911 | C58: 05 | D58: 03 | E58: 10 | F58: 0 | G58: 07 | H58: 43040 | I58: 200 | J58: =J59 -> 500 | K58: =K59 -> 350 | L58: =L59 -> 350
A59: Иные закупки товаров, работ и услуг для обеспечения государственных (муниципальных) нужд | B59: 911 | C59: 05 | D59: 03 | E59: 10 | F59: 0 | G59: 07 | H59: 43040 | I59: 240 | J59: 500 | K59: 350 | L59: 350
A60: Основное мероприятие " Освещение территории сельского поселения " | B60: 911 | C60: 05 | D60: 03 | E60: 10 | F60: 0 | G60: 08 | J60: =J61 -> 150 | K60: =K61 -> 150 | L60: =L61 -> 150
A61: Уличное освещение | B61: 911 | C61: 05 | D61: 03 | E61: 10 | F61: 0 | G61: 08 | H61: 43010 | J61: =J62 -> 150 | K61: =K62 -> 150 | L61: =L62 -> 150
A62: Закупка товаров, работ и услуг для обеспечения государственных (муниципальных) нужд | B62: 911 | C62: 05 | D62: 03 | E62: 10 | F62: 0 | G62: 08 | H62: 43010 | I62: 200 | J62: =J63 -> 150 | K62: =K63 -> 150 | L62: =L63 -> 150
A63: Иные закупки товаров, работ и услуг для обеспечения государственных (муниципальных) нужд | B63: 911 | C63: 05 | D63: 03 | E63: 10 | F63: 0 | G63: 08 | H63: 43010 | I63: 240 | J63: 150 | K63: 150 | L63: 150
A64: Региональный проект "Формирование комфортной городской среды" | B64: 911 | C64: 05 | D64: 03 | E64: 10 | F64: 0 | G64: И4 | J64: =J65 -> 3268.3
A65: Благоустройство обществнных территорий | B65: 911 | C65: 05 | D65: 03 | E65: 10 | F65: 0 | G65: И4 | H65: 55551 | J65: =J66 -> 3268.3
A66: =A62 -> Закупка товаров, работ и услуг для обеспечения государственных (муниципальных) нужд | B66: 911 | C66: 05 | D66: 03 | E66: 10 | F66: 0 | G66: И4 | H66: 55551 | I66: 200 | J66: =J67 -> 3268.3
A67: =A63 -> Иные закупки товаров, работ и услуг для обеспечения государственных (муниципальных) нужд | B67: 911 | C67: 05 | D67: 03 | E67: 10 | F67: 0 | G67: И4 | H67: 55551 | I67: 240 | J67: 3268.3
A68: Социальная политика | B68: 911 | C68: 10 | J68: =J69 -> 110.7 | K68: =K69 -> 110.7 | L68: =L70 -> 110.7
A69: Пенсионное обеспечение | B69: 911 | C69: 10 | D69: 01 | J69: =J70 -> 110.7 | K69: =K70 -> 110.7 | L69: =L70 -> 110.7
A70: Непрограммные расходы главных распорядителей средств бюджета Белозерьевского сельского поселения Ромодановского муниципального района Республики Мордовия | B70: 911 | C70: 10 | D70: 01 | E70: 89 | J70: =J71 -> 110.7 | K70: =K71 -> 110.7 | L70: =L71 -> 110.7
A71: Непрограммные расходы в рамках обеспечения деятельности главных распорядителей средств бюджета Белозерьевского сельского поселения Ромодановского муниципального района Республики Мордовия | B71: 911 | C71: 10 | D71: 01 | E71: 89 | F71: 1 | J71: =J72 -> 110.7 | K71: =K72 -> 110.7 | L71: =L72 -> 110.7
A72: Доплаты к пенсиям муниципальных служащих Республики Мордовия | B72: 911 | C72: 10 | D72: 01 | E72: 89 | F72: 1 | G72: 00 | H72: 03010 | J72: =J73 -> 110.7 | K72: =K73 -> 110.7 | L72: =L73 -> 110.7
A73: Социальное обеспечение и иные выплаты населению | B73: 911 | C73: 10 | D73: 01 | E73: 89 | F73: 1 | G73: 00 | H73: 03010 | I73: 300 | J73: =J74 -> 110.7 | K73: =K74 -> 110.7 | L73: =L74 -> 110.7
A74: Публичные нормативные социальные выплаты гражданам | B74: 911 | C74: 10 | D74: 01 | E74: 89 | F74: 1 | G74: 00 | H74: 03010 | I74: 310 | J74: 110.7 | K74: 110.7 | L74: 110.7
A75: Условно утвержденные расходы | B75: 911 | C75: 99 | J75: =J77 -> 0 | K75: =K76 -> 84.5 | L75: =L76 -> 172
A76: Условно утвержденные расходы | B76: 911 | C76: 99 | D76: 99 | J76: =J77 -> 0 | K76: =K77 -> 84.5 | L76: =L77 -> 172
A77: =A10 -> Обеспечение деятельности Администрации Белозерьевского сельского поселения Ромодановского муниципального района Республики Мордовия | B77: 911 | C77: 99 | D77: 99 | E77: 65 | J77: =J78 -> 0 | K77: =K78 -> 84.5 | L77: =L78 -> 172
A78: Высшее должностное лицо | B78: 911 | C78: 99 | D78: 99 | E78: 65 | F78: 1 | J78: =J79 -> 0 | K78: =K79 -> 84.5 | L78: =L79 -> 172
A79: Условно утвержденные расходы | B79: 911 | C79: 99 | D79: 99 | E79: 65 | F79: 1 | G79: 00 | H79: 41990 | J79: =J80 -> 0 | K79: =K80 -> 84.5 | L79: =L80 -> 172
A80: Иные бюджетные ассигнования | B80: 911 | C80: 99 | D80: 99 | E80: 65 | F80: 1 | G80: 00 | H80: 41990 | I80: 800 | J80: =J81 -> 0 | K80: =K81 -> 84.5 | L80: =L81 -> 172
A81: Резервные средства | B81: 911 | C81: 99 | D81: 99 | E81: 65 | F81: 1 | G81: 00 | H81: 41990 | I81: 870 | J81: 0 | K81: 84.5 | L81: 172

Sheet Приложение 4
H1: Приложение 4 к решению Совета депутатов Белозерьевского сельского поселения Ромодановского муниципального района Республики Мордовия «О бюджете Белозерьевского сельского поселеняи Ромодановского муниципального района Республики Мордовия на 2026 год и на плановый период 2027 и 2028 годов»
A2: РАСПРЕДЕЛЕНИЕ БЮДЖЕТНЫХ АССИГНОВАНИЙ БЮДЖЕТА БЕЛОЗЕРЬЕВСКОГО СЕЛЬСКОГО ПОСЕЛЕНИЯ РОМОДАНОВСКОГО МУНИЦИПАЛЬНОГО РАЙОНА РЕСПУБЛИКИ МОРДОВИЯ ПО РАЗДЕЛАМ, ПОДРАЗДЕЛАМ, ЦЕЛЕВЫМ СТАТЬЯМ (МУНИЦИПАЛЬНЫМ ПРОГРАММАМ И НЕПРОГРАММНЫМ НАПРАВЛЕНИЯМ ДЕЯТЕЛЬНОСТИ), ГРУППАМ И ПОДГРУППАМ ВИДОВ РАСХОДОВ КЛАССИФИКАЦИИ РАСХОДОВ БЮДЖЕТОВ НА 2026 ГОД И НА ПЛАНОВЫЙ ПЕРИОД 2027 И 2028 ГОДОВ
H3: (тыс. рублей)
A4: Наименование | B4: Рз | C4: Прз | D4: Цср | H4: Вр | I4: Сумма
I5: 2026 год | J5: 2027 год | K5: 2028 год
A6: 1 | B6: 2 | C6: 3 | D6: 4 | E6: 5 | F6: 6 | G6: 7 | H6: 8 | I6: 9 | J6: 10 | K6: 11
A7: ВСЕГО | I7: =I8+I40+I49+I58+I75 -> 8055.9 | J7: =J8+J40+J49+J58+J75+J84 -> 4340.2 | K7: =K8+K40+K49+K58+K75+K84 -> 4586.3
A8: Общегосударственные вопросы | B8: 01 | I8: =I9+I16+I33 -> 3147.8 | J8: =J9+J16+J33 -> 2688.5 | K8: =K9+K16+K33 -> 2661
A9: Функционирование высшего должностного лица субъекта Российской Федерации и муниципального образования | B9: 01 | C9: 02 | I9: =I11 -> 1050.5 | J9: =J11 -> 1048.3 | K9: =K11 -> 862.2
A10: ='Приложение 3'!A9 -> Функционирование высшего должностного лица субъекта Российской Федерации и муниципального образования | B10: 01 | C10: 02 | I10: =I11 -> 1050.5 | J10: =J11 -> 1048.3 | K10: =K11 -> 862.2
A11: ='Приложение 3'!A10 -> Обеспечение деятельности Администрации Белозерьевского сельского поселения Ромодановского муниципального района Республики Мордовия | B11: 01 | C11: 02 | D11: 65 | I11: =I12 -> 1050.5 | J11: =J12 -> 1048.3 | K11: =K12 -> 862.2
A12: Высшее должностное лицо | B12: 01 | C12: 02 | D12: 65 | E12: 1 | I12: =I13 -> 1050.5 | J12: =J13 -> 1048.3 | K12: =K13 -> 862.2
A13: Расходы на выплаты по оплате труда высшего должностного лица | B13: 01 | C13: 02 | D13: 65 | E13: 1 | F13: 00 | G13: 41150 | I13: =I14 -> 1050.5 | J13: =J14 -> 1048.3 | K13: =K14 -> 862.2
A14: Расходы на выплаты персоналу в целях обеспечения выполнения функций государственными (муниципальными) органами, казенными учреждениями, органами управления государственными внебюджетными фондами | B14: 01 | C14: 02 | D14: 65 | E14: 1 | F14: 00 | G14: 41150 | H14: 100 | I14: =I15 -> 1050.5 | J14: =J15 -> 1048.3 | K14: =K15 -> 862.2
A15: Расходы на выплаты персоналу государственных (муниципальных) органов | B15: 01 | C15: 02 | D15: 65 | E15: 1 | F15: 00 | G15: 41150 | H15: 120 | I15: ='Приложение 3'!J14 -> 1050.5 | J15: ='Приложение 3'!K14 -> 1048.3 | K15: ='Приложение 3'!L14 -> 862.2
A16: Функционирование Правительства Российской Федерации, высших исполнительных органов государственной власти субъектов Российской Федерации, местных администраций | B16: 01 | C16: 04 | I16: =I18+I28 -> 2047.3 | J16: =J18+J28 -> 1590.2 | K16: =K18+K28 -> 1748.8
A17: ='Приложение 3'!A15 -> Функционирование Правительства Российской Федерации, высших исполнительных органов государственной власти субъектов Российской Федерации, местных администраций | B17: 01 | C17: 04 | I17: =I18+I28 -> 2047.3 | J17: =J18+J28 -> 1590.2 | K17: =K18+K28 -> 1748.8
A18: ='Приложение 3'!A16 -> Обеспечение деятельности Администрации Белозерьевского сельского поселения Ромодановского муниципального района Республики Мордовия | B18: 01 | C18: 04 | D18: 65 | I18: =I19 -> 2044.1 | J18: =J19 -> 1586.8 | K18: =K19 -> 1745.3
A19: ='Приложение 3'!A17 -> Расходы в рамках обеспечения деятельности Администрации Белозерьевского сельского поселения | B19: 01 | C19: 04 | D19: 65 | E19: 2 | I19: =I20+I23 -> 2044.1 | J19: =J20+J23 -> 1586.8 | K19: =K20+K23 -> 1745.3
A20: Расходы на выплаты по оплате труда работников органов местного самоуправления | B20: 01 | C20: 04 | D20: 65 | E20: 2 | F20: 00 | G20: 41110 | I20: =I21 -> 560.4 | J20: =J21 -> 562.6 | K20: =K21 -> 570
A21: Расходы на выплаты персоналу в целях обеспечения выполнения функций государственными (муниципальными) органами, казенными учреждениями, органами управления государственными внебюджетными фондами | B21: 01 | C21: 04 | D21: 65 | E21: 2 | F21: 00 | G21: 41110 | H21: 100 | I21: =I22 -> 560.4 | J21: =J22 -> 562.6 | K21: =K22 -> 570
A22: Расходы на выплаты персоналу государственных (муниципальных) органов | B22: 01 | C22: 04 | D22: 65 | E22: 2 | F22: 00 | G22: 41110 | H22: 120 | I22: ='Приложение 3'!J20 -> 560.4 | J22: ='Приложение 3'!K20 -> 562.6 | K22: ='Приложение 3'!L20 -> 570
A23: ='Приложение 3'!A21 -> Расходы на обеспечение выполнения функций органов местного самоуправления | B23: 01 | C23: 04 | D23: 65 | E23: 2 | F23: 00 | G23: 41120 | I23: =+I24+I26 -> 1483.7 | J23: =+J24+J26 -> 1024.2 | K23: =+K24+K26 -> 1175.3
A24: Закупка товаров, работ и услуг для обеспечения государственных (муниципальных) нужд | B24: 01 | C24: 04 | D24: 65 | E24: 2 | F24: 00 | G24: 41120 | H24: 200 | I24: =I25 -> 1473.7 | J24: =J25 -> 1014.2 | K24: =K25 -> 1165.3
A25: Иные закупки товаров, работ и услуг для обеспечения государственных (муниципальных) нужд | B25: 01 | C25: 04 | D25: 65 | E25: 2 | F25: 00 | G25: 41120 | H25: 240 | I25: ='Приложение 3'!J23 -> 1473.7 | J25: ='Приложение 3'!K23 -> 1014.2 | K25: ='Приложение 3'!L23 -> 1165.3
A26: Иные бюджетные ассигнования | B26: 01 | C26: 04 | D26: 65 | E26: 2 | F26: 00 | G26: 41120 | H26: 800 | I26: =I27 -> 10 | J26: =J27 -> 10 | K26: =K27 -> 10
A27: Уплата налогов, сборов и иных платежей | B27: 01 | C27: 04 | D27: 65 | E27: 2 | F27: 00 | G27: 41120 | H27: 850 | I27: ='Приложение 3'!J25 -> 10 | J27: ='Приложение 3'!K25 -> 10 | K27: ='Приложение 3'!L25 -> 10
A28: Непрограммные расходы главных распорядителей средств бюджета Белозерьевского сельского поселения Ромодановского муниципального района Республики Мордовия | B28: 01 | C28: 04 | D28: 89 | I28: =I29 -> 3.2 | J28: =J29 -> 3.4 | K28: =K29 -> 3.5
A29: Непрограммные расходы в рамках обеспечения деятельности главных распорядителей средств бюджета Белозерьевского сельского поселения Ромодановского муниципального района Республики Мордовия | B29: 01 | C29: 04 | D29: 89 | E29: 1 | I29: =I30 -> 3.2 | J29: =J30 -> 3.4 | K29: =K30 -> 3.5
A30: Осуществление государственных полномочий Республики Мордовия по определению перечня должностных лиц, уполномоченных составлять протоколы об административных правонарушениях, предусмотренных Законом Республики Мордовия от 15 июня 2015 года № 38-З "Об административной ответственности на территории Республики Мордовия" | B30: 01 | C30: 04 | D30: 89 | E30: 1 | F30: 00 | G30: 77150 | I30: =I31 -> 3.2 | J30: =J31 -> 3.4 | K30: =K31 -> 3.5
A31: Закупка товаров, работ и услуг для обеспечения государственных (муниципальных) нужд | B31: 01 | C31: 04 | D31: 89 | E31: 1 | F31: 00 | G31: 77150 | H31: 200 | I31: =I32 -> 3.2 | J31: =J32 -> 3.4 | K31: =K32 -> 3.5
A32: Иные закупки товаров, работ и услуг для обеспечения государственных (муниципальных) нужд | B32: 01 | C32: 04 | D32: 89 | E32: 1 | F32: 00 | G32: 77150 | H32: 240 | I32: ='Приложение 3'!J30 -> 3.2 | J32: ='Приложение 3'!K30 -> 3.4 | K32: ='Приложение 3'!L30 -> 3.5
A33: Резервные фонды | B33: 01 | C33: 11 | I33: =I35 -> 50 | J33: =J35 -> 50 | K33: =K35 -> 50
A34: ='Приложение 3'!A31 -> Резервные фонды | B34: 01 | C34: 11 | I34: =I35 -> 50 | J34: =J35 -> 50 | K34: =K35 -> 50
A35: Непрограммные расходы главных распорядителей средств бюджета Белозерьевского сельского поселения Ромодановского муниципального района Республики Мордовия | B35: 01 | C35: 11 | D35: 89 | I35: =I36 -> 50 | J35: =J36 -> 50 | K35: =K36 -> 50
A36: Непрограммные расходы в рамках обеспечения деятельности главных распорядителей средств бюджета Белозерьевскогоо сельского поселения Ромодановского муниципального района Республики Мордовия | B36: 01 | C36: 11 | D36: 89 | E36: 1 | I36: =I37 -> 50 | J36: =J37 -> 50 | K36: =K37 -> 50
A37: ='Приложение 3'!A34 -> Резервный фонд администрации Белозерьевского сельского поселения Ромодановского муниципального района Республики Мордовия | B37: 01 | C37: 11 | D37: 89 | E37: 1 | F37: 00 | G37: 41180 | I37: =I39 -> 50 | J37: =J39 -> 50 | K37: =K39 -> 50
A38: Иные бюджетные ассигнования | B38: 01 | C38: 11 | D38: 89 | E38: 1 | F38: 00 | G38: 41180 | H38: 800 | I38: =I39 -> 50 | J38: =J39 -> 50 | K38: =K39 -> 50
A39: Резервные средства | B39: 01 | C39: 11 | D39: 89 | E39: 1 | F39: 00 | G39: 41180 | H39: 870 | I39: ='Приложение 3'!J36 -> 50 | J39: ='Приложение 3'!K36 -> 50 | K39: ='Приложение 3'!L36 -> 50
A40: Национальная оборона | B40: 02 | I40: =I41 -> 595.1 | J40: =J41 -> 655.5 | K40: =K41 -> 829.6
A41: Мобилизационная и вневойсковая подготовка | B41: 02 | C41: 03 | I41: =I42 -> 595.1 | J41: =J42 -> 655.5 | K41: =K42 -> 829.6
A42: ='Приложение 3'!A39 -> Непрограммные расходы главных распорядителей бюджетных средств Белозерьевского сельского поселения Ромодановского муниципального района Республики Мордовия | B42: 02 | C42: 03 | D42: 89 | I42: =I43 -> 595.1 | J42: =J43 -> 655.5 | K42: =K43 -> 829.6
A43: ='Приложение 3'!A40 -> Непрограммные расходы в рамках обеспечения деятельности главных распорядителей бюджетных средств Белозерьевского сельского поселения Ромодановского муниципального района Республики Мордовия | B43: 02 | C43: 03 | D43: 89 | E43: 1 | I43: =I44 -> 595.1 | J43: =J44 -> 655.5 | K43: =K44 -> 829.6
A44: ='Приложение 3'!A41 -> Осуществление государственных полномочий Российской Федерации по воинскому учету в поселениях, на территориях которых отсутствуют структурные подразделения военных комиссариатов | B44: 02 | C44: 03 | D44: 89 | E44: 1 | F44: 00 | G44: 51180 | I44: =I47+I45 -> 595.1 | J44: =J47+J45 -> 655.5 | K44: =K47+K45 -> 829.6
A45: Расходы на выплаты персоналу в целях обеспечения выполнения функций государственными (муниципальными) органами, казенными учреждениями, органами управления государственными внебюджетными фондами | B45: 02 | C45: 03 | D45: 89 | E45: 1 | F45: 00 | G45: 51180 | H45: 100 | I45: =I46 -> 592.1 | J45: =J46 -> 652.5 | K45: =K46 -> 826.6
A46: Расходы на выплаты персоналу государственных (муниципальных) органов | B46: 02 | C46: 03 | D46: 89 | E46: 1 | F46: 00 | G46: 51180 | H46: 120 | I46: ='Приложение 3'!J43 -> 592.1 | J46: ='Приложение 3'!K43 -> 652.5 | K46: ='Приложение 3'!L43 -> 826.6
A47: Закупка товаров, работ и услуг для обеспечения государственных (муниципальных) нужд | B47: 02 | C47: 03 | D47: 89 | E47: 1 | F47: 00 | G47: 51180 | H47: 200 | I47: =I48 -> 3 | J47: =J48 -> 3 | K47: =K48 -> 3
A48: Иные закупки товаров, работ и услуг для обеспечения государственных (муниципальных) нужд | B48: 02 | C48: 03 | D48: 89 | E48: 1 | F48: 00 | G48: 51180 | H48: 240 | I48: ='Приложение 3'!J45 -> 3 | J48: ='Приложение 3'!K45 -> 3 | K48: ='Приложение 3'!L45 -> 3
A49: Национальная экономика | B49: 04 | I49: =I50 -> 284 | J49: =J50 -> 301 | K49: =K50 -> 313
A50: Дорожное хозяйство (дорожные фонды) | B50: 04 | C50: 09 | I50: =I53 -> 284 | J50: =J53 -> 301 | K50: =K53 -> 313
A51: ='Приложение 3'!A46 -> Национальная экономика | B51: 04 | I51: ='Приложение 3'!J46 -> 284 | J51: ='Приложение 3'!K46 -> 301 | K51: ='Приложение 3'!L46 -> 313
A52: ='Приложение 3'!A47 -> Дорожное хозяйство (дорожные фонды) | B52: 04 | C52: 09 | I52: =I53 -> 284 | J52: =J53 -> 301 | K52: =K53 -> 313
A53: ='Приложение 3'!A48 -> Муниципальная программа «Комплексного развития транспортной инфраструктуры Белозерьевского сельского поселения Ромодановского муниципального района Республики Мордовия на 2024- 2030 года" | B53: 04 | C53: 09 | D53: 13 | I53: =I54 -> 284 | J53: =J54 -> 301 | K53: =K54 -> 313
A54: Основное мероприятие "содействие развитию систем автомобильных дорог общего пользования ,регионального и межмуниципального,а так же местного значения" | B54: 04 | C54: 09 | D54: 13 | E54: 0 | F54: 01 | I54: =I55 -> 284 | J54: =J55 -> 301 | K54: =K55 -> 313
A55: ='Приложение 3'!A50 -> Иные межбюджетные трансферты на осуществление полномочий по дорожной деятельности в отношении автомобильных дорог местного значения в границах населенных пунктов поселения и обеспечению безопасности дорожного движения на них, включая создание и обеспечение функционирования парковок (парковочных мест), осуществлению муниципального контроля на автомобильном транспорте, городском наземном электрическом транспорте и в дорожном хозяйстве в границах населенных пунктов поселения, организации дорожного движения, а также осуществлению иных полномочий в области использования автомобильных дорог и осуществления дорожной деятельности в соответствии с законодательством Российской Федерации | B55: 04 | C55: 09 | D55: 13 | E55: 0 | F55: 01 | G55: 9Д184 | I55: =I56 -> 284 | J55: =J56 -> 301 | K55: =K56 -> 313
A56: Закупка товаров, работ и услуг для обеспечения государственных (муниципальных) нужд | B56: 04 | C56: 09 | D56: 13 | E56: 0 | F56: 01 | G56: 9Д184 | H56: 200 | I56: =I57 -> 284 | J56: =J57 -> 301 | K56: =K57 -> 313
A57: Иные закупки товаров, работ и услуг для обеспечения государственных (муниципальных) нужд | B57: 04 | C57: 09 | D57: 13 | E57: 0 | F57: 01 | G57: 9Д184 | H57: 240 | I57: ='Приложение 3'!J52 -> 284 | J57: ='Приложение 3'!K52 -> 301 | K57: ='Приложение 3'!L52 -> 313
A58: Жилищно-коммунальное хозяйство | B58: 05 | I58: =I59 -> 3918.3 | J58: =J59 -> 500 | K58: =K59 -> 500
A59: Благоустройство | B59: 05 | C59: 03 | I59: =I62 -> 3918.3 | J59: =J62 -> 500 | K59: =K62 -> 500
A60: ='Приложение 3'!A53 -> Жилищно-коммунальное хозяйство | B60: 05 | I60: ='Приложение 3'!J53 -> 3918.3 | J60: ='Приложение 3'!K53 -> 500 | K60: ='Приложение 3'!L53 -> 500
A61: ='Приложение 3'!A54 -> Благоустройство | B61: 05 | C61: 03 | I61: =I62 -> 3918.3 | J61: =J62 -> 500 | K61: =K62 -> 500
A62: ='Приложение 3'!A55 -> Муниципальная программа "Комплексного развития социальной инфраструктуры Белозерьевского сельского поселения Ромодановского муниципального района Республики Мордовия на 2018-2030 года" | B62: 05 | C62: 03 | D62: 10 | I62: =I63+I68+I71 -> 3918.3 | J62: =J63+J67 -> 500 | K62: =K63+K67 -> 500
A63: ='Приложение 3'!A56 -> Основное мероприятие "Благоустройство территории " | B63: 05 | C63: 03 | D63: 10 | E63: 0 | F63: 07 | I63: =I64 -> 500 | J63: =J64 -> 350 | K63: =K64 -> 350
A64: ='Приложение 3'!A57 -> Прочие мероприятия по благоустройству | B64: 05 | C64: 03 | D64: 10 | E64: 0 | F64: 07 | G64: 43040 | I64: =I65 -> 500 | J64: =J65 -> 350 | K64: =K65 -> 350
A65: Закупка товаров, работ и услуг для обеспечения государственных (муниципальных) нужд | B65: 05 | C65: 03 | D65: 10 | E65: 0 | F65: 07 | G65: 43040 | H65: 200 | I65: =I66 -> 500 | J65: =J66 -> 350 | K65: =K66 -> 350
A66: Иные закупки товаров, работ и услуг для обеспечения государственных (муниципальных) нужд | B66: 05 | C66: 03 | D66: 10 | E66: 0 | F66: 07 | G66: 43040 | H66: 240 | I66: ='Приложение 3'!J59 -> 500 | J66: ='Приложение 3'!K59 -> 350 | K66: ='Приложение 3'!L59 -> 350
A67: ='Приложение 3'!A60 -> Основное мероприятие " Освещение территории сельского поселения " | B67: 05 | C67: 03 | D67: 10 | E67: 0 | F67: 08 | I67: =I68 -> 150 | J67: =J68 -> 150 | K67: =K68 -> 150
A68: ='Приложение 3'!A61 -> Уличное освещение | B68: 05 | C68: 03 | D68: 10 | E68: 0 | F68: 08 | G68: 43010 | I68: =I69 -> 150 | J68: =J69 -> 150 | K68: =K69 -> 150
A69: Закупка товаров, работ и услуг для обеспечения государственных (муниципальных) нужд | B69: 05 | C69: 03 | D69: 10 | E69: 0 | F69: 08 | G69: 43010 | H69: 200 | I69: =I70 -> 150 | J69: =J70 -> 150 | K69: =K70 -> 150
A70: Иные закупки товаров, работ и услуг для обеспечения государственных (муниципальных) нужд | B70: 05 | C70: 03 | D70: 10 | E70: 0 | F70: 08 | G70: 43010 | H70: 240 | I70: ='Приложение 3'!J63 -> 150 | J70: ='Приложение 3'!K63 -> 150 | K70: ='Приложение 3'!L63 -> 150
A71: ='Приложение 3'!A64 -> Региональный проект "Формирование комфортной городской среды" | B71: 05 | C71: 03 | D71: 10 | E71: 0 | F71: И4 | I71: =I72 -> 3268.3
A72: ='Приложение 3'!A65 -> Благоустройство обществнных территорий | B72: 05 | C72: 03 | D72: 10 | E72: 0 | F72: И4 | G72: 55551 | I72: =I73 -> 3268.3
A73: ='Приложение 3'!A66 -> Закупка товаров, работ и услуг для обеспечения государственных (муниципальных) нужд | B73: 05 | C73: 03 | D73: 10 | E73: 0 | F73: И4 | G73: 55551 | H73: 200 | I73: =I74 -> 3268.3
A74: ='Приложение 3'!A67 -> Иные закупки товаров, работ и услуг для обеспечения государственных (муниципальных) нужд | B74: 05 | C74: 03 | D74: 10 | E74: 0 | F74: И4 | G74: 55551 | H74: 240 | I74: ='Приложение 3'!J67 -> 3268.3
A75: Социальная политика | B75: 10 | I75: =I76 -> 110.7 | J75: =J76 -> 110.7 | K75: =K76 -> 110.7
A76: Пенсионное обеспечение | B76: 10 | C76: 01 | I76: =I79 -> 110.7 | J76: =J79 -> 110.7 | K76: =K79 -> 110.7
A77: ='Приложение 3'!A68 -> Социальная политика | B77: 10 | I77: ='Приложение 3'!J68 -> 110.7 | J77: ='Приложение 3'!K68 -> 110.7 | K77: ='Приложение 3'!L68 -> 110.7
A78: ='Приложение 3'!A69 -> Пенсионное обеспечение | B78: 10 | C78: 01 | I78: =I79 -> 110.7 | J78: =J79 -> 110.7 | K78: =K79 -> 110.7
A79: ='Приложение 3'!A70 -> Непрограммные расходы главных распорядителей средств бюджета Белозерьевского сельского поселения Ромодановского муниципального района Республики Мордовия | B79: 10 | C79: 01 | D79: 89 | I79: =I80 -> 110.7 | J79: =J80 -> 110.7 | K79: =K80 -> 110.7
A80: ='Приложение 3'!A71 -> Непрограммные расходы в рамках обеспечения деятельности главных распорядителей средств бюджета Белозерьевского сельского поселения Ромодановского муниципального района Республики Мордовия | B80: 10 | C80: 01 | D80: 89 | E80: 1 | I80: =I81 -> 110.7 | J80: =J81 -> 110.7 | K80: =K81 -> 110.7
A81: Доплаты к пенсиям муниципальных служащих Республики Мордовия | B81: 10 | C81: 01 | D81: 89 | E81: 1 | F81: 00 | G81: 03010 | I81: =I82 -> 110.7 | J81: =J82 -> 110.7 | K81: =K82 -> 110.7
A82: Социальное обеспечение и иные выплаты населению | B82: 10 | C82: 01 | D82: 89 | E82: 1 | F82: 00 | G82: 03010 | H82: 300 | I82: =I83 -> 110.7 | J82: =J83 -> 110.7 | K82: =K83 -> 110.7
A83: Публичные нормативные социальные выплаты гражданам | B83: 10 | C83: 01 | D83: 89 | E83: 1 | F83: 00 | G83: 03010 | H83: 310 | I83: ='Приложение 3'!J74 -> 110.7 | J83: ='Приложение 3'!K74 -> 110.7 | K83: ='Приложение 3'!L74 -> 110.7
A84: ='Приложение 3'!A75 -> Условно утвержденные расходы | B84: 99 | J84: ='Приложение 3'!K75 -> 84.5 | K84: ='Приложение 3'!L75 -> 172
A85: ='Приложение 3'!A76 -> Условно утвержденные расходы | B85: 99 | C85: 99 | J85: ='Приложение 3'!K76 -> 84.5 | K85: ='Приложение 3'!L76 -> 172
A86: ='Приложение 3'!A75 -> Условно утвержденные расходы | B86: 99 | J86: ='Приложение 3'!K75 -> 84.5 | K86: ='Приложение 3'!L75 -> 172
A87: ='Приложение 3'!A76 -> Условно утвержденные расходы | B87: 99 | C87: 99 | J87: =J88 -> 84.5 | K87: =K88 -> 172
A88: ='Приложение 3'!A77 -> Обеспечение деятельности Администрации Белозерьевского сельского поселения Ромодановского муниципального района Республики Мордовия | B88: 99 | C88: 99 | D88: 65 | J88: ='Приложение 3'!K77 -> 84.5 | K88: ='Приложение 3'!L77 -> 172
A89: ='Приложение 3'!A78 -> Высшее должностное лицо | B89: 99 | C89: 99 | D89: 65 | E89: 1 | J89: ='Приложение 3'!K78 -> 84.5 | K89: ='Приложение 3'!L78 -> 172
A90: ='Приложение 3'!A79 -> Условно утвержденные расходы | B90: 99 | C90: 99 | D90: 65 | E90: 1 | F90: 00 | G90: 41990 | J90: ='Приложение 3'!K79 -> 84.5 | K90: ='Приложение 3'!L79 -> 172
A91: ='Приложение 3'!A80 -> Иные бюджетные ассигнования | B91: 99 | C91: 99 | D91: 65 | E91: 1 | F91: 00 | G91: 41990 | H91: 800 | J91: ='Приложение 3'!K80 -> 84.5 | K91: ='Приложение 3'!L80 -> 172
A92: ='Приложение 3'!A81 -> Резервные средства | B92: 99 | C92: 99 | D92: 65 | E92: 1 | F92: 00 | G92: 41990 | H92: 870 | J92: ='Приложение 3'!K81 -> 84.5 | K92: ='Приложение 3'!L81 -> 172

Sheet Приложение 5
I1: Приложение 5 к решенияю Совета депутатов Белозерьевского сельского поселения Ромодановского муниципального района Республики Мордовия «О бюджете Белозерьевского сельского поселения Ромодановского муниципального района Республики Мордовия на 2026 год и на плановый период 2027 и 2028 годов»
A2: РАСПРЕДЕЛЕНИЕ БЮДЖЕТНЫХ АССИГНОВАНИЙ БЮДЖЕТА БЕЛОЗЕРЬЕВСКОГО СЕЛЬСКОГО ПОСЕЛЕНИЯ РОМОДАНОВСКОГО МУНИЦИПАЛЬНОГО РАЙОНА РЕСПУБЛИКИ МОРДОВИЯ ПО ЦЕЛЕВЫМ СТАТЬЯМ (МУНИЦИПАЛЬНЫМ ПРОГРАММАМ И НЕПРОГРАММНЫМ НАПРАВЛЕНИЯМ ДЕЯТЕЛЬНОСТИ), ГРУППАМ И ПОДГРУППАМ ВИДОВ РАСХОДОВ, РАЗДЕЛАМ И ПОДРАЗДЕЛАМ КЛАССИФИКАЦИИ РАСХОДОВ БЮДЖЕТОВ НА 2026 ГОД И НА ПЛАНОВЫЙ ПЕРИОД 2027 И 2028 ГОДОВ
I3: (тыс. рублей)
A4: Наименование | B4: Цср | F4: ВР | G4: Рз | H4: Прз | I4: Адм | J4: Сумма
J5: 2026 год | K5: 2027 год | L5: 2028 год
A6: 1 | B6: 2 | C6: 3 | D6: 4 | E6: 5 | F6: 6 | G6: 7 | H6: 8 | I6: 9 | J6: 10 | K6: 11 | L6: 12
A7: ВСЕГО | J7: =J8+J30+J38+J70 -> 8055.9 | K7: =K8+K30+K38+K70 -> 4340.2 | L7: =L8+L30+L38+L70 -> 4586.3
A8: ='Приложение 3'!A55 -> Муниципальная программа "Комплексного развития социальной инфраструктуры Белозерьевского сельского поселения Ромодановского муниципального района Республики Мордовия на 2018-2030 года" | B8: 10 | J8: =J9+J16+J23 -> 3918.3 | K8: =K9+K16 -> 500 | L8: =L9+L16 -> 500
A9: ='Приложение 3'!A56 -> Основное мероприятие "Благоустройство территории " | B9: 10 | C9: 0 | D9: 07 | J9: =J10 -> 500 | K9: =K10 -> 350 | L9: =L10 -> 350
A10: ='Приложение 3'!A57 -> Прочие мероприятия по благоустройству | B10: 10 | C10: 0 | D10: 07 | E10: 43040 | J10: =J11 -> 500 | K10: =K11 -> 350 | L10: =L11 -> 350
A11: Закупка товаров, работ и услуг для обеспечения государственных (муниципальных) нужд | B11: 10 | C11: 0 | D11: 07 | E11: 43040 | F11: 200 | J11: =J12 -> 500 | K11: =K12 -> 350 | L11: =L12 -> 350
A12: Иные закупки товаров, работ и услуг для обеспечения государственных (муниципальных) нужд | B12: 10 | C12: 0 | D12: 07 | E12: 43040 | F12: 240 | J12: =J13 -> 500 | K12: =K13 -> 350 | L12: =L13 -> 350
A13: Жилищно-коммунальное хозяйство | B13: 10 | C13: 0 | D13: 07 | E13: 43040 | F13: 240 | G13: 05 | J13: =J14 -> 500 | K13: =K14 -> 350 | L13: =L14 -> 350
A14: Благоустройство | B14: 10 | C14: 0 | D14: 07 | E14: 43040 | F14: 240 | G14: 05 | H14: 03 | J14: =J15 -> 500 | K14: =K15 -> 350 | L14: =L15 -> 350
A15: Администрация Белозерьевского сельского поселения Ромодановского муниципального района Республики Мордовия | B15: 10 | C15: 0 | D15: 07 | E15: 43040 | F15: 240 | G15: 05 | H15: 03 | I15: 911 | J15: ='Приложение 3'!J59 -> 500 | K15: ='Приложение 3'!K59 -> 350 | L15: ='Приложение 3'!L59 -> 350
A16: ='Приложение 3'!A60 -> Основное мероприятие " Освещение территории сельского поселения " | B16: 10 | C16: 0 | D16: 08 | J16: =J17 -> 150 | K16: =K17 -> 150 | L16: =L17 -> 150
A17: ='Приложение 3'!A61 -> Уличное освещение | B17: 10 | C17: 0 | D17: 08 | E17: 43010 | J17: =J18 -> 150 | K17: =K18 -> 150 | L17: =L18 -> 150
A18: Закупка товаров, работ и услуг для обеспечения государственных (муниципальных) нужд | B18: 10 | C18: 0 | D18: 08 | E18: 43010 | F18: 200 | J18: =J19 -> 150 | K18: =K19 -> 150 | L18: =L19 -> 150
A19: Иные закупки товаров, работ и услуг для обеспечения государственных (муниципальных) нужд | B19: 10 | C19: 0 | D19: 08 | E19: 43010 | F19: 240 | J19: =J20 -> 150 | K19: =K20 -> 150 | L19: =L20 -> 150
A20: Жилищно-коммунальное хозяйство | B20: 10 | C20: 0 | D20: 08 | E20: 43010 | F20: 240 | G20: 05 | J20: =J21 -> 150 | K20: =K21 -> 150 | L20: =L21 -> 150
A21: Благоустройство | B21: 10 | C21: 0 | D21: 08 | E21: 43010 | F21: 240 | G21: 05 | H21: 03 | J21: =J22 -> 150 | K21: =K22 -> 150 | L21: =L22 -> 150
A22: Администрация Белозерьевского сельского поселения Ромодановского муниципального района Республики Мордовия | B22: 10 | C22: 0 | D22: 08 | E22: 43010 | F22: 240 | G22: 05 | H22: 03 | I22: 911 | J22: ='Приложение 3'!J63 -> 150 | K22: ='Приложение 3'!K63 -> 150 | L22: ='Приложение 3'!L63 -> 150
A23: ='Приложение 3'!A64 -> Региональный проект "Формирование комфортной городской среды" | B23: 10 | C23: 0 | D23: И4 | J23: =J24 -> 3268.3
A24: ='Приложение 3'!A65 -> Благоустройство обществнных территорий | B24: 10 | C24: 0 | D24: И4 | E24: 55551 | J24: =J25 -> 3268.3
A25: ='Приложение 3'!A66 -> Закупка товаров, работ и услуг для обеспечения государственных (муниципальных) нужд | B25: 10 | C25: 0 | D25: И4 | E25: 55551 | F25: 200 | J25: =J26 -> 3268.3
A26: ='Приложение 3'!A67 -> Иные закупки товаров, работ и услуг для обеспечения государственных (муниципальных) нужд | B26: 10 | C26: 0 | D26: И4 | E26: 55551 | F26: 240 | J26: =J27 -> 3268.3
A27: =A20 -> Жилищно-коммунальное хозяйство | B27: 10 | C27: 0 | D27: И4 | E27: 55551 | F27: 240 | G27: 05 | J27: =J28 -> 3268.3
A28: =A21 -> Благоустройство | B28: 10 | C28: 0 | D28: И4 | E28: 55551 | F28: 240 | G28: 05 | H28: 03 | J28: =J29 -> 3268.3
A29: =A22 -> Администрация Белозерьевского сельского поселения Ромодановского муниципального района Республики Мордовия | B29: 10 | C29: 0 | D29: И4 | E29: 55551 | F29: 240 | G29: 05 | H29: 03 | I29: 911 | J29: ='Приложение 3'!J67 -> 3268.3
A30: ='Приложение 3'!A48 -> Муниципальная программа «Комплексного развития транспортной инфраструктуры Белозерьевского сельского поселения Ромодановского муниципального района Республики Мордовия на 2024- 2030 года" | B30: 13 | J30: =J31 -> 284 | K30: =K31 -> 301 | L30: =L31 -> 313
A31: Основное мероприятие "содействие развитию систем автомобильных дорог общего пользования,регионального и или межмуниципального,а так же местного значения" | B31: 13 | C31: 0 | D31: 01 | J31: =J32 -> 284 | K31: =K32 -> 301 | L31: =L32 -> 313
A32: ='Приложение 3'!A50 -> Иные межбюджетные трансферты на осуществление полномочий по дорожной деятельности в отношении автомобильных дорог местного значения в границах населенных пунктов поселения и обеспечению безопасности дорожного движения на них, включая создание и обеспечение функционирования парковок (парковочных мест), осуществлению муниципального контроля на автомобильном транспорте, городском наземном электрическом транспорте и в дорожном хозяйстве в границах населенных пунктов поселения, организации дорожного движения, а также осуществлению иных полномочий в области использования автомобильных дорог и осуществления дорожной деятельности в соответствии с законодательством Российской Федерации | B32: 13 | C32: 0 | D32: 01 | E32: 9Д184 | J32: =J33 -> 284 | K32: =K33 -> 301 | L32: =L33 -> 313
A33: Закупка товаров, работ и услуг для обеспечения государственных (муниципальных) нужд | B33: 13 | C33: 0 | D33: 01 | E33: 9Д184 | F33: 200 | J33: =J34 -> 284 | K33: =K34 -> 301 | L33: =L34 -> 313
A34: Иные закупки товаров, работ и услуг для обеспечения государственных (муниципальных) нужд | B34: 13 | C34: 0 | D34: 01 | E34: 9Д184 | F34: 240 | J34: =J35 -> 284 | K34: =K35 -> 301 | L34: =L35 -> 313
A35: Национальная экономика | B35: 13 | C35: 0 | D35: 01 | E35: 9Д184 | F35: 240 | G35: 04 | J35: =J36 -> 284 | K35: =K36 -> 301 | L35: =L36 -> 313
A36: ='Приложение 3'!A47 -> Дорожное хозяйство (дорожные фонды) | B36: 13 | C36: 0 | D36: 01 | E36: 9Д184 | F36: 240 | G36: 04 | H36: 09 | J36: =J37 -> 284 | K36: =K37 -> 301 | L36: =L37 -> 313
A37: Администрация Белозерьевского сельского поселения Ромодановского муниципального района Республики Мордовия | B37: 13 | C37: 0 | D37: 01 | E37: 9Д184 | F37: 240 | G37: 04 | H37: 09 | I37: 911 | J37: ='Приложение 3'!J52 -> 284 | K37: ='Приложение 3'!K52 -> 301 | L37: ='Приложение 3'!L52 -> 313
A38: ='Приложение 3'!A10 -> Обеспечение деятельности Администрации Белозерьевского сельского поселения Ромодановского муниципального района Республики Мордовия | B38: 65 | J38: =J39+J52 -> 3094.6 | K38: =K39+K52 -> 2719.6 | L38: =L39+L52 -> 2779.5
A39: Высшее должностное лицо | B39: 65 | C39: 1 | J39: =J40 -> 1050.5 | K39: =K40+K46 -> 1132.8 | L39: =L40+L46 -> 1034.2
A40: Расходы на выплаты по оплате труда высшего должностного лица | B40: 65 | C40: 1 | D40: 00 | E40: 41150 | J40: =J41 -> 1050.5 | K40: =K41 -> 1048.3 | L40: =L41 -> 862.2
A41: Расходы на выплаты персоналу в целях обеспечения выполнения функций государственными (муниципальными) органами, казенными учреждениями, органами управления государственными внебюджетными фондами | B41: 65 | C41: 1 | D41: 00 | E41: 41150 | F41: 100 | J41: =J42 -> 1050.5 | K41: =K42 -> 1048.3 | L41: =L42 -> 862.2
A42: Расходы на выплаты персоналу государственных (муниципальных) органов | B42: 65 | C42: 1 | D42: 00 | E42: 41150 | F42: 120 | J42: =J43 -> 1050.5 | K42: =K43 -> 1048.3 | L42: =L43 -> 862.2
A43: Общегосударственные вопросы | B43: 65 | C43: 1 | D43: 00 | E43: 41150 | F43: 120 | G43: 01 | J43: =J44 -> 1050.5 | K43: =K44 -> 1048.3 | L43: =L44 -> 862.2
A44: Функционирование высшего должностного лица субъекта Российской Федерации и муниципального образования | B44: 65 | C44: 1 | D44: 00 | E44: 41150 | F44: 120 | G44: 01 | H44: 02 | J44: =J45 -> 1050.5 | K44: =K45 -> 1048.3 | L44: =L45 -> 862.2
A45: Администрация Белозерьевского сельского поселения Ромодановского муниципального района Республики Мордовия | B45: 65 | C45: 1 | D45: 00 | E45: 41150 | F45: 120 | G45: 01 | H45: 02 | I45: 911 | J45: ='Приложение 3'!J14 -> 1050.5 | K45: ='Приложение 3'!K14 -> 1048.3 | L45: ='Приложение 3'!L14 -> 862.2
A46: ='Приложение 4'!A90 -> Условно утвержденные расходы | B46: 65 | C46: 1 | D46: 00 | E46: 41990 | K46: =K47 -> 84.5 | L46: =L47 -> 172
A47: ='Приложение 4'!A91 -> Иные бюджетные ассигнования | B47: 65 | C47: 1 | D47: 00 | E47: 41990 | F47: 800 | K47: =K48 -> 84.5 | L47: =L48 -> 172
A48: ='Приложение 4'!A92 -> Резервные средства | B48: 65 | C48: 1 | D48: 00 | E48: 41990 | F48: 870 | K48: =K49 -> 84.5 | L48: =L49 -> 172
A49: ='Приложение 4'!A84 -> Условно утвержденные расходы | B49: 65 | C49: 1 | D49: 00 | E49: 41990 | F49: 870 | G49: 99 | K49: =K50 -> 84.5 | L49: =L50 -> 172
A50: ='Приложение 4'!A85 -> Условно утвержденные расходы | B50: 65 | C50: 1 | D50: 00 | E50: 41990 | F50: 870 | G50: 99 | H50: 99 | K50: =K51 -> 84.5 | L50: =L51 -> 172
A51: Администрация Белозерьевского сельского поселения Ромодановского муниципального района Республики Мордовия | B51: 65 | C51: 1 | D51: 00 | E51: 41990 | F51: 870 | G51: 99 | H51: 99 | I51: 911 | K51: ='Приложение 4'!J92 -> 84.5 | L51: ='Приложение 4'!K92 -> 172
A52: ='Приложение 3'!A17 -> Расходы в рамках обеспечения деятельности Администрации Белозерьевского сельского поселения | B52: 65 | C52: 2 | J52: =J53+J59 -> 2044.1 | K52: =K53+K59 -> 1586.8 | L52: =L53+L59 -> 1745.3
A53: Расходы на выплаты по оплате труда работников органов местного самоуправления | B53: 65 | C53: 2 | D53: 00 | E53: 41110 | J53: =J54 -> 560.4 | K53: =K54 -> 562.6 | L53: =L54 -> 570
A54: Расходы на выплаты персоналу в целях обеспечения выполнения функций государственными (муниципальными) органами, казенными учреждениями, органами управления государственными внебюджетными фондами | B54: 65 | C54: 2 | D54: 00 | E54: 41110 | F54: 100 | J54: =J55 -> 560.4 | K54: =K55 -> 562.6 | L54: =L55 -> 570
A55: Расходы на выплаты персоналу государственных (муниципальных) органов | B55: 65 | C55: 2 | D55: 00 | E55: 41110 | F55: 120 | J55: =J56 -> 560.4 | K55: =K56 -> 562.6 | L55: =L56 -> 570
A56: Общегосударственные вопросы | B56: 65 | C56: 2 | D56: 00 | E56: 41110 | F56: 120 | G56: 01 | J56: =J57 -> 560.4 | K56: =K57 -> 562.6 | L56: =L57 -> 570
A57: Функционирование Правительства Российской Федерации, высших исполнительных органов государственной власти субъектов Российской Федерации, местных администраций | B57: 65 | C57: 2 | D57: 00 | E57: 41110 | F57: 120 | G57: 01 | H57: 04 | J57: =J58 -> 560.4 | K57: =K58 -> 562.6 | L57: =L58 -> 570
A58: Администрация Белозерьевского сельского поселения Ромодановского муниципального района Республики Мордовия | B58: 65 | C58: 2 | D58: 00 | E58: 41110 | F58: 120 | G58: 01 | H58: 04 | I58: 911 | J58: ='Приложение 3'!J20 -> 560.4 | K58: ='Приложение 3'!K20 -> 562.6 | L58: ='Приложение 3'!L20 -> 570
A59: ='Приложение 3'!A21 -> Расходы на обеспечение выполнения функций органов местного самоуправления | B59: 65 | C59: 2 | D59: 00 | E59: 41120 | J59: =J60+J65 -> 1483.7 | K59: =K60+K65 -> 1024.2 | L59: =L60+L65 -> 1175.3
A60: Закупка товаров, работ и услуг для обеспечения государственных (муниципальных) нужд | B60: 65 | C60: 2 | D60: 00 | E60: 41120 | F60: 200 | J60: =J61 -> 1473.7 | K60: =K61 -> 1014.2 | L60: =L61 -> 1165.3
A61: Иные закупки товаров, работ и услуг для обеспечения государственных (муниципальных) нужд | B61: 65 | C61: 2 | D61: 00 | E61: 41120 | F61: 240 | J61: =J62 -> 1473.7 | K61: =K62 -> 1014.2 | L61: =L62 -> 1165.3
A62: Общегосударственные вопросы | B62: 65 | C62: 2 | D62: 00 | E62: 41120 | F62: 240 | G62: 01 | J62: =J63 -> 1473.7 | K62: =K63 -> 1014.2 | L62: =L63 -> 1165.3
A63: Функционирование Правительства Российской Федерации, высших исполнительных органов государственной власти субъектов Российской Федерации, местных администраций | B63: 65 | C63: 2 | D63: 00 | E63: 41120 | F63: 240 | G63: 01 | H63: 04 | J63: =J64 -> 1473.7 | K63: =K64 -> 1014.2 | L63: =L64 -> 1165.3
A64: Администрация Белозерьевского сельского поселения Ромодановского муниципального района Республики Мордовия | B64: 65 | C64: 2 | D64: 00 | E64: 41120 | F64: 240 | G64: 01 | H64: 04 | I64: 911 | J64: ='Приложение 3'!J23 -> 1473.7 | K64: ='Приложение 3'!K23 -> 1014.2 | L64: ='Приложение 3'!L23 -> 1165.3
A65: Иные бюджетные ассигнования | B65: 65 | C65: 2 | D65: 00 | E65: 41120 | F65: 800 | J65: =J66 -> 10 | K65: =K66 -> 10 | L65: =L66 -> 10
A66: Уплата налогов, сборов и иных платежей | B66: 65 | C66: 2 | D66: 00 | E66: 41120 | F66: 850 | J66: =J67 -> 10 | K66: =K67 -> 10 | L66: =L67 -> 10
A67: Общегосударственные вопросы | B67: 65 | C67: 2 | D67: 00 | E67: 41120 | F67: 850 | G67: 01 | J67: =J68 -> 10 | K67: =K68 -> 10 | L67: =L68 -> 10
A68: Функционирование Правительства Российской Федерации, высших исполнительных органов государственной власти субъектов Российской Федерации, местных администраций | B68: 65 | C68: 2 | D68: 00 | E68: 41120 | F68: 850 | G68: 01 | H68: 04 | J68: =J69 -> 10 | K68: =K69 -> 10 | L68: =L69 -> 10
A69: Администрация Белозерьевского сельского поселения Ромодановского муниципального района Республики Мордовия | B69: 65 | C69: 2 | D69: 00 | E69: 41120 | F69: 850 | G69: 01 | H69: 04 | I69: 911 | J69: ='Приложение 3'!J25 -> 10 | K69: ='Приложение 3'!K25 -> 10 | L69: ='Приложение 3'!L25 -> 10
A70: ='Приложение 3'!A70 -> Непрограммные расходы главных распорядителей средств бюджета Белозерьевского сельского поселения Ромодановского муниципального района Республики Мордовия | B70: 89 | J70: =J71+J78+J95+J84 -> 759 | K70: =K71+K78+K95+K84 -> 819.6 | L70: =L71+L78+L95+L84 -> 993.8
A71: ='Приложение 3'!A71 -> Непрограммные расходы в рамках обеспечения деятельности главных распорядителей средств бюджета Белозерьевского сельского поселения Ромодановского муниципального района Республики Мордовия | B71: 89 | C71: 1 | J71: =J72 -> 110.7 | K71: =K72 -> 110.7 | L71: =L72 -> 110.7
A72: ='Приложение 3'!A72 -> Доплаты к пенсиям муниципальных служащих Республики Мордовия | B72: 89 | C72: 1 | D72: 00 | E72: 03010 | J72: =J73 -> 110.7 | K72: =K73 -> 110.7 | L72: =L73 -> 110.7
A73: ='Приложение 3'!A73 -> Социальное обеспечение и иные выплаты населению | B73: 89 | C73: 1 | D73: 00 | E73: 03010 | F73: 300 | J73: =J74 -> 110.7 | K73: =K74 -> 110.7 | L73: =L74 -> 110.7
A74: ='Приложение 3'!A74 -> Публичные нормативные социальные выплаты гражданам | B74: 89 | C74: 1 | D74: 00 | E74: 03010 | F74: 310 | J74: =J75 -> 110.7 | K74: =K75 -> 110.7 | L74: =L75 -> 110.7
A75: ='Приложение 3'!A68 -> Социальная политика | B75: 89 | C75: 1 | D75: 00 | E75: 03010 | F75: 310 | G75: 10 | J75: =J76 -> 110.7 | K75: =K76 -> 110.7 | L75: =L76 -> 110.7
A76: ='Приложение 3'!A69 -> Пенсионное обеспечение | B76: 89 | C76: 1 | D76: 00 | E76: 03010 | F76: 310 | G76: 10 | H76: 01 | J76: =J77 -> 110.7 | K76: =K77 -> 110.7 | L76: =L77 -> 110.7
A77: =A69 -> Администрация Белозерьевского сельского поселения Ромодановского муниципального района Республики Мордовия | B77: 89 | C77: 1 | D77: 00 | E77: 03010 | F77: 310 | G77: 10 | H77: 01 | I77: 911 | J77: ='Приложение 3'!J74 -> 110.7 | K77: ='Приложение 3'!K74 -> 110.7 | L77: ='Приложение 3'!L74 -> 110.7
A78: ='Приложение 3'!A34 -> Резервный фонд администрации Белозерьевского сельского поселения Ромодановского муниципального района Республики Мордовия | B78: 89 | C78: 1 | D78: 00 | E78: 41180 | J78: =J79 -> 50 | K78: =K79 -> 50 | L78: =L79 -> 50
A79: ='Приложение 3'!A35 -> Иные бюджетные ассигнования | B79: 89 | C79: 1 | D79: 00 | E79: 41180 | F79: 800 | J79: =J80 -> 50 | K79: =K80 -> 50 | L79: =L80 -> 50
A80: Резервные средства | B80: 89 | C80: 1 | D80: 00 | E80: 41180 | F80: 870 | J80: =J81 -> 50 | K80: =K81 -> 50 | L80: =L81 -> 50
A81: Общегосударственные вопросы | B81: 89 | C81: 1 | D81: 00 | E81: 41180 | F81: 870 | G81: 01 | J81: =J82 -> 50 | K81: =K82 -> 50 | L81: =L82 -> 50
A82: Резервные фонды | B82: 89 | C82: 1 | D82: 00 | E82: 41180 | F82: 870 | G82: 01 | H82: 11 | J82: =J83 -> 50 | K82: =K83 -> 50 | L82: =L83 -> 50
A83: =A100 -> Администрация Белозерьевского сельского поселения Ромодановского муниципального района Республики Мордовия | B83: 89 | C83: 1 | D83: 00 | E83: 41180 | F83: 870 | G83: 01 | H83: 11 | I83: 911 | J83: 50 | K83: 50 | L83: 50
A84: ='Приложение 3'!A41 -> Осуществление государственных полномочий Российской Федерации по воинскому учету в поселениях, на территориях которых отсутствуют структурные подразделения военных комиссариатов | B84: 89 | C84: 1 | D84: 00 | E84: 51180 | J84: =J85+J90 -> 595.1 | K84: =K85+K90 -> 655.5 | L84: =L85+L90 -> 829.6
A85: ='Приложение 3'!A42 -> Расходы на выплаты персоналу в целях обеспечения выполнения функций государственными (муниципальными) органами, казенными учреждениями, органами управления государственными внебюджетными фондами | B85: 89 | C85: 1 | D85: 00 | E85: 51180 | F85: 100 | J85: =J86 -> 592.1 | K85: =K86 -> 652.5 | L85: =L86 -> 826.6
A86: ='Приложение 3'!A43 -> Расходы на выплаты персоналу государственных (муниципальных) органов | B86: 89 | C86: 1 | D86: 00 | E86: 51180 | F86: 120 | J86: =J87 -> 592.1 | K86: =K87 -> 652.5 | L86: =L87 -> 826.6
A87: ='Приложение 3'!A37 -> Национальная оборона | B87: 89 | C87: 1 | D87: 00 | E87: 51180 | F87: 120 | G87: 02 | J87: =J88 -> 592.1 | K87: =K88 -> 652.5 | L87: =L88 -> 826.6
A88: =A93 -> Мобилизационная и вневойсковая подготовка | B88: 89 | C88: 1 | D88: 00 | E88: 51180 | F88: 120 | G88: 02 | H88: =H93 -> 03 | J88: =J89 -> 592.1 | K88: =K89 -> 652.5 | L88: =L89 -> 826.6
A89: =A94 -> Администрация Белозерьевского сельского поселения Ромодановского муниципального района Республики Мордовия | B89: 89 | C89: 1 | D89: 00 | E89: 51180 | F89: 120 | G89: 02 | H89: =H88 -> 03 | I89: 911 | J89: ='Приложение 3'!J43 -> 592.1 | K89: ='Приложение 3'!K43 -> 652.5 | L89: ='Приложение 3'!L43 -> 826.6
A90: ='Приложение 3'!A44 -> Закупка товаров, работ и услуг для обеспечения государственных (муниципальных) нужд | B90: 89 | C90: 1 | D90: 00 | E90: 51180 | F90: 200 | J90: =J91 -> 3 | K90: =K91 -> 3 | L90: =L91 -> 3
A91: ='Приложение 3'!A45 -> Иные закупки товаров, работ и услуг для обеспечения государственных (муниципальных) нужд | B91: 89 | C91: 1 | D91: 00 | E91: 51180 | F91: 240 | J91: =J92 -> 3 | K91: =K92 -> 3 | L91: =L92 -> 3
A92: ='Приложение 3'!A37 -> Национальная оборона | B92: 89 | C92: 1 | D92: 00 | E92: 51180 | F92: 240 | G92: 02 | J92: =J93 -> 3 | K92: =K93 -> 3 | L92: =L93 -> 3
A93: Мобилизационная и вневойсковая подготовка | B93: 89 | C93: 1 | D93: 00 | E93: 51180 | F93: 240 | G93: 02 | H93: 03 | J93: =J94 -> 3 | K93: =K94 -> 3 | L93: =L94 -> 3
A94: Администрация Белозерьевского сельского поселения Ромодановского муниципального района Республики Мордовия | B94: 89 | C94: 1 | D94: 00 | E94: 51180 | F94: 240 | G94: 02 | H94: 03 | I94: 911 | J94: ='Приложение 3'!J45 -> 3 | K94: ='Приложение 3'!K45 -> 3 | L94: ='Приложение 3'!L44 -> 3
A95: ='Приложение 3'!A28 -> Осуществление государственных полномочий Республики Мордовия по определению перечня должностных лиц, уполномоченных составлять протоколы об административных правонарушениях, предусмотренных Законом Республики Мордовия от 15 июня 2015 года № 38-З "Об административной ответственности на территории Республики Мордовия" | B95: 89 | C95: 1 | D95: 00 | E95: 77150 | J95: =J96 -> 3.2 | K95: =K97 -> 3.4 | L95: =L96 -> 3.5
A96: ='Приложение 3'!A29 -> Закупка товаров, работ и услуг для обеспечения государственных (муниципальных) нужд | B96: 89 | C96: 1 | D96: 00 | E96: 77150 | F96: 200 | J96: =J97 -> 3.2 | K96: =K97 -> 3.4 | L96: =L97 -> 3.5
A97: ='Приложение 3'!A30 -> Иные закупки товаров, работ и услуг для обеспечения государственных (муниципальных) нужд | B97: 89 | C97: 1 | D97: 00 | E97: 77150 | F97: 240 | J97: =J98 -> 3.2 | K97: =K99 -> 3.4 | L97: =L98 -> 3.5
A98: ='Приложение 3'!A8 -> Общегосударственные вопросы | B98: 89 | C98: 1 | D98: 00 | E98: 77150 | F98: 240 | G98: 01 | J98: =J99 -> 3.2 | K98: =K99 -> 3.4 | L98: =L99 -> 3.5
A99: ='Приложение 3'!A15 -> Функционирование Правительства Российской Федерации, высших исполнительных органов государственной власти субъектов Российской Федерации, местных администраций | B99: 89 | C99: 1 | D99: 00 | E99: 77150 | F99: 240 | G99: 01 | H99: 04 | J99: =J100 -> 3.2 | K99: =K100 -> 3.4 | L99: =L100 -> 3.5
A100: Администрация Белозерьевского сельского поселения Ромодановского муниципального района Республики Мордовия | B100: 89 | C100: 1 | D100: 00 | E100: 77150 | F100: 240 | G100: 01 | H100: 04 | I100: 911 | J100: ='Приложение 3'!J30 -> 3.2 | K100: ='Приложение 3'!K30 -> 3.4 | L100: ='Приложение 3'!L30 -> 3.5

Sheet прил 6
C1: Приложение 6
C2: к решению Совета депутатов Белозерьевского сельского поселения Ромодановского муниципального района Республики Мордовия "О бюджете Белозерьевского сельского поселения Ромодановского муниципального района Республики Мордовия на 2026 год и на плановый период 2027 и 2028 годов"
A3: ИСТОЧНИКИ ВНУТРЕННЕГО ФИНАНСИРОВАНИЯ ДЕФИЦИТА БЮДЖЕТА БЕЛОЗЕРЬЕВСКОГО СЕЛЬСКОГО ПОСЕЛЕНИЯ РОМОДАНОВСКОГО МУНИЦИПАЛЬНОГО РАЙОНА РЕСПУБЛИКИ МОРДОВИЯ НА 2026 ГОД И НА ПЛАНОВЫЙ ПЕРИОД 2027 и 2028 ГОДОВ
A7: Код | B7: Наименование кода группы, подгруппы, статьи, вида источника финансирования дефицитов бюджетов, кода классификации операций сектора государственного управления, относящихся к источникам финансирования дефицитов бюджетов Российской Федерации | C7: Сумма (тыс. руб.)
C8: 2026 год | D8: 2027 год | E8: 2028 год
A9: 1 | B9: 2 | C9: 3 | D9: 4 | E9: 5
A10: 000 01 00 00 00 00 0000 000 | B10: ИСТОЧНИКИ ВНУТРЕННЕГО ФИНАНСИРОВАНИЯ ДЕФИЦИТОВ БЮДЖЕТОВ | C10: =C11+C22+C14+C18 -> 0 | D10: =D11+D22+D14+D18 -> 0 | E10: =E11+E22+E14+E18 -> 0
A11: 000 01 02 00 00 00 0000 000 | B11: Кредиты кредитных организаций в валюте Российской Федерации | C11: =SUM(C12) -> 0 | D11: =SUM(D12) -> 0 | E11: =SUM(E12) -> 0
A12: 000 01 02 00 00 00 0000 700 | B12: Привлечение кредитов от кредитных организаций в валюте Российской Федерации | C12: =SUM(C13) -> 0 | D12: =SUM(D13) -> 0 | E12: =SUM(E13) -> 0
A13: 000 01 02 00 00 05 0000 710 | B13: Привлечение кредитов от кредитных организаций бюджетами муниципальных районов в валюте Российской Федерации | C13: 0 | D13: 0 | E13: 0
A14: 000 01 03 00 00 00 0000 000 | B14: Бюджетные кредиты из других бюджетов бюджетной системы Российской Федерации | C14: =C15 -> 0 | D14: =D15 -> 0 | E14: =E15 -> 0
A15: 000 01 03 01 00 00 0000 000 | B15: Бюджетные кредиты из других бюджетов бюджетной системы Российской Федерации в валюте Российской Федерации | C15: =C16 -> 0 | D15: =D16 -> 0 | E15: =E16 -> 0
A16: 000 01 03 01 00 00 0000 800 | B16: Погашение бюджетных кредитов, полученных из других бюджетов бюджетной системы Российской Федерации в валюте Российской Федерации | C16: =SUM(C17) -> 0 | D16: =SUM(D17) -> 0 | E16: =SUM(E17) -> 0
A17: 000 01 03 01 00 05 0000 810 | B17: Погашение бюджетами муниципальных районов кредитов из других бюджетов бюджетной системы Российской Федерации в валюте Российской Федерации | C17: 0 | D17: 0 | E17: 0
A18: 000 01 06 00 00 00 0000 000 | B18: Иные источники внутреннего финансирования дефицитов бюджетов | C18: =C19 -> 0 | D18: =D19 -> 0 | E18: =E19 -> 0
A19: 000 01 06 05 00 00 0000 000 | B19: Бюджетные кредиты, предоставленные внутри страны в валюте Российской Федерации | C19: =C20 -> 0 | D19: =D20 -> 0 | E19: =E20 -> 0
A20: 000 01 06 05 02 00 0000 600 | B20: Возврат бюджетных кредитов, предоставленных другим бюджетам бюджетной системы Российской Федерации в валюте Российской Федерации | C20: =C21 -> 0 | D20: =D21 -> 0 | E20: =E21 -> 0
A21: 000 01 06 05 02 05 0000 640 | B21: Возврат бюджетных кредитов, предоставленных другим бюджетам бюджетной системы Российской Федерации из бюджетов муниципальных районов в валюте Российской Федерации
A22: 000 01 05 00 00 00 0000 000 | B22: Изменения остатков средств на счетах по учету средств бюджета | C22: =C25+C26 -> 0 | D22: =D25+D26 -> 0 | E22: =E25+E26 -> 0
A23: 000 01 05 02 00 00 0000 500 | B23: Увеличение прочих остатков средств бюджетов | C23: =SUM(C24) -> -8055.9 | D23: =SUM(D24) -> -4340.2 | E23: =SUM(E24) -> -4586.3
A24: 000 01 05 02 01 00 0000 510 | B24: Увеличение прочих остатков денежных средств бюджетов | C24: =SUM(C25) -> -8055.9 | D24: =SUM(D25) -> -4340.2 | E24: =SUM(E25) -> -4586.3
A25: 000 01 05 02 01 10 0000 510 | B25: Увеличение прочих остатков денежных средств бюджетов сельских поселений | C25: -8055.9 | D25: -4340.2 | E25: -4586.3
A26: 000 01 05 02 00 00 0000 600 | B26: Уменьшение прочих остатков средств бюджетов | C26: =SUM(C27) -> 8055.9 | D26: =SUM(D27) -> 4340.2 | E26: =SUM(E27) -> 4586.3
A27: 000 01 05 02 01 00 0000 610 | B27: Уменьшение прочих остатков денежных средств бюджетов | C27: =SUM(C28) -> 8055.9 | D27: =SUM(D28) -> 4340.2 | E27: =SUM(E28) -> 4586.3
A28: 000 01 05 02 01 05 0000 610 | B28: Уменьшение прочих остатков денежных средств бюджетов муниципальных районов | C28: 8055.9 | D28: 4340.2 | E28: 4586.3
A29: 000 01 00 00 00 00 0000 000 | B29: Итого источников внутреннего финансирования дефицита бюджета Белозерьевского сельского поселения Ромодановского муниципального района Республики Мордовия | C29: 0 | D29: 0 | E29: 0
B30: собственные доходы | C30: 1811.6 | D30: 1896.3 | E30: 1966
